[Event "Titled Tuesday Blitz August 17 2021"]
[White "Matthiesen, Martin"]
[Black "Nguyen Hong Nhung"]
[WhiteFideId "1404067"]
[BlackFideId "12412201"]
[WhiteElo "2337"]
[BlackElo "1661"]
[Result "1-0"]
[Round "10"]
[TimeControl "180+1"]
[Date "2021.08.18"]
[WhiteClock "0:00:57"]
[BlackClock "0:00:17"]

1. d4 f5 2. g3 Nf6 3. Bg2 g6 4. Nf3 Bg7 5. O-O O-O 6. c4 d6 7. Nc3 Qe8 8. b3 e5 9. dxe5 dxe5 10. Ba3 Rf7 11. e4 Nc6 12. Re1 f4 13. Ng5 Rd7 14. Nd5 Nd4 15. Nf3 c6 16. Nxd4 cxd5 17. exd5 Rf7 18. Nb5 Bf8 19. Bxf8 Qxf8 20. Rxe5 Ng4 21. Re6 f3 22. Bh3 Bxe6 23. dxe6 Re7 24. Bxg4 Rd8 25. Qxf3 Qxf3 26. Bxf3 Kg7 27. Bd5 a6 28. Nc3 b5 29. Re1 bxc4 30. bxc4 Kf6 31. f4 Rc7 32. g4 Ke7 33. Kf2 Rb8 34. Kf3 Rb2 35. Re2 Rb4 36. f5 gxf5 37. gxf5 Rb8 38. Kf4 Kf6 39. Ne4+ Ke7 40. Ke5 Kf8 41. f6 h5 42. Rg2 h4 43. e7+ Ke8 44. Rg8+ Kd7 45. Rxb8 h3 46. e8=Q# 1-0


[Site "https://www.chess.com"]

[Event "Titled Tuesday Blitz August 17 2021"]
[White "McBryde, Lamel"]
[Black "Bryakin, Mikhail"]
[WhiteFideId "2058596"]
[BlackFideId "4165314"]
[WhiteElo "2136"]
[BlackElo "2336"]
[Result "1/2-1/2"]
[Round "10"]
[TimeControl "180+1"]
[Date "2021.08.17"]
[WhiteClock "0:03:00"]
[BlackClock "0:02:56"]

1. Nf3 Nf6 2. b3 g6 3. Bb2 Bg7 4. c4 O-O 5. d3 c5 6. Nbd2 b6 7. e3 Bb7 8. Be2 d6 9. O-O Nbd7 10. Rc1 a6 11. Rc2 b5 1/2-1/2


[Site "https://www.chess.com"]

[Event "Titled Tuesday Blitz August 17 2021"]
[White "Mirzoev, Azer"]
[Black "De Silva, L M S T"]
[WhiteFideId "13400304"]
[BlackFideId "9953698"]
[WhiteElo "2525"]
[BlackElo "1621"]
[Result "1-0"]
[Round "10"]
[TimeControl "180+1"]
[Date "2021.08.17"]
[WhiteClock "0:00:16"]
[BlackClock "0:00:07"]

1. d4 Nf6 2. c4 e6 3. Nc3 Bb4 4. e3 O-O 5. Ne2 c6 6. a3 Ba5 7. b4 Bc7 8. Bb2 d5 9. Ng3 Nbd7 10. Rc1 e5 11. cxd5 exd4 12. Qxd4 Be5 13. Qd2 Nxd5 14. Nxd5 Bxb2 15. Qxb2 cxd5 16. Be2 Nf6 17. O-O h5 18. Nxh5 Nxh5 19. Bxh5 Be6 20. Bf3 a5 21. Rfd1 axb4 22. axb4 Qg5 23. g3 Ra4 24. h4 Qf5 25. Bg2 Rfa8 26. Rd2 Qg4 27. Qd4 Qg6 28. Qb6 Ra1 29. Rdd1 Qf6 30. Rxa1 Rxa1 31. Rxa1 Qxa1+ 32. Kh2 Qb2 33. Qxb7 Qxf2 34. Qb8+ Kh7 35. Qf4 Qb2 36. Qd4 Qe2 37. e4 Qc4 38. Qc5 Qxc5 39. bxc5 d4 40. Kg1 Kg6 41. Kf2 Kf6 42. Ke2 Bc4+ 43. Kd2 Ke5 44. Bf3 Be6 45. Kd3 g6 46. Be2 Bc8 47. Bf3 Ba6+ 48. Kd2 Bb5 49. Be2 Bc6 50. Bc4 f6 51. Bd3 g5 52. h5 Ke6 53. h6 Kf7 54. Bc4+ Kg6 55. Bd5 Bd7 56. c6 Bc8 57. Kd3 Kxh6 58. Kxd4 g4 59. e5 Kg5 60. e6 Bxe6 61. Bxe6 1-0


[Site "https://www.chess.com"]

[Event "Titled Tuesday Blitz August 17 2021"]
[White "Mogirzan, Matei-Valeriu"]
[Black "Mitusov, Semen"]
[WhiteFideId "1257455"]
[BlackFideId "14151049"]
[WhiteElo "1733"]
[BlackElo "2256"]
[Result "0-1"]
[Round "10"]
[TimeControl "180+1"]
[Date "2021.08.17"]
[WhiteClock "0:00:01"]
[BlackClock "0:00:21"]

1. e4 e5 2. Nf3 Nc6 3. Bc4 Bc5 4. b4 Bxb4 5. c3 Be7 6. d4 Na5 7. Bd3 exd4 8. cxd4 d5 9. exd5 Qxd5 10. Nc3 Qe6+ 11. Be3 Nf6 12. O-O O-O 13. d5 Qd6 14. Rc1 a6 15. Ne4 Nxe4 16. Bxe4 f5 17. Bb1 b6 18. Qd2 Bb7 19. Bf4 Qxd5 20. Qxd5+ Bxd5 21. Rxc7 Bc5 22. Be5 Rf7 23. Rxf7 Kxf7 24. Bxf5 Bxf3 25. gxf3 Nc6 26. Be4 Rc8 27. Bb2 Nd4 28. Bxd4 Bxd4 29. Rd1 Bc5 30. Bb7 Re8 31. Bxa6 Kf6 32. Bc4 Re5 33. Rd7 Rg5+ 34. Kf1 Rh5 35. Rf7+ Kg6 36. Rf4 Rxh2 37. Rg4+ Kf6 38. Rg2 Rh1+ 39. Rg1 Rh4 40. Rg4 Rh5 41. Rf4+ Ke5 42. Re4+ Kd6 43. Re6+ Kd7 44. Re4 Rh1+ 45. Kg2 Rc1 46. Bb3 Rb1 47. Rg4 g6 48. Rh4 h5 49. Rf4 Rb2 50. Rf7+ Ke8 51. Rf6 Rxf2+ 52. Kh3 Ke7 53. Rxg6 Bd6 54. Rg7+ Kf6 55. Rf7+ Kg6 0-1


[Site "https://www.chess.com"]

[Event "Titled Tuesday Blitz August 17 2021"]
[White "Moskalenko, Alexander"]
[Black "Tristan, Leonardo"]
[WhiteFideId "4155351"]
[BlackFideId "113816"]
[WhiteElo "2495"]
[BlackElo "2404"]
[Result "1/2-1/2"]
[Round "10"]
[TimeControl "180+1"]
[Date "2021.08.17"]
[WhiteClock "0:01:14"]
[BlackClock "0:00:12"]

1. c4 e6 2. Nc3 d5 3. d4 a6 4. cxd5 exd5 5. Nf3 Nf6 6. Bg5 Be6 7. Qb3 Ra7 8. e3 Nbd7 9. Bd3 Bd6 10. O-O c6 11. Bh4 h6 12. Bg3 Bxg3 13. hxg3 O-O 14. Ne2 Qc7 15. Nf4 Re8 16. Nxe6 Rxe6 17. Rac1 Ra8 18. Qc2 Rae8 19. b4 Qd6 20. Qb2 Ne4 21. a4 b5 22. axb5 axb5 23. Bxe4 Rxe4 24. Qc3 R4e6 25. Ra1 Nb6 26. Ra6 Nc4 27. Rfa1 Rg6 28. Ne5 Nxe5 29. dxe5 Qxe5 30. Qxe5 Rxe5 31. Ra8+ Kh7 32. Rc8 Re4 33. Ra7 Rf6 34. Rac7 Rc4 35. f3 Rc1+ 36. Kf2 Rc2+ 37. Kg1 Kg6 38. g4 Rc3 39. Kf2 Rc2+ 40. Kg3 Rc4 41. Kh3 Rc3 42. Kg3 Rxe3 43. Rxc6 Rb3 44. Rc5 Rxb4 45. Rxd5 Rb6 46. Rc7 Rb2 47. Rdd7 Rf6 48. Rb7 b4 49. Rd4 b3 50. Rd3 Re6 51. Rdxb3 Rc2 52. Rb2 Rxb2 53. Rxb2 f6 54. Rb7 Rc6 55. Rd7 Ra6 56. Kh4 Rb6 57. Rd8 Rb2 58. Kg3 Ra2 59. Rb8 Rc2 60. Rb5 Ra2 61. Rc5 Rb2 62. Kh3 Ra2 63. Rb5 Rc2 64. Rd5 Ra2 65. Rb5 Rc2 66. Rb1 Ra2 67. Rc1 Rb2 68. Ra1 Rc2 69. Ra6 Rb2 70. g3 Rb1 71. Ra7 Rh1+ 72. Kg2 Rb1 73. f4 Rb2+ 74. Kh3 Rb1 75. f5+ Kh7 76. Rc7 Rb2 77. Ra7 Rc2 78. Rb7 Rd2 79. Ra7 Rc2 80. Rd7 Rb2 81. Rd8 Rc2 82. Rb8 Ra2 83. Rc8 Rb2 84. Ra8 Rc2 85. Ra6 Rb2 86. Ra7 Rc2 1/2-1/2


[Site "https://www.chess.com"]

[Event "Titled Tuesday Blitz August 17 2021"]
[White "Murzin, Volodar"]
[Black "Urazayev, Arystanbek"]
[WhiteFideId "44155573"]
[BlackFideId "13709810"]
[WhiteElo "2541"]
[BlackElo "2321"]
[Result "0-1"]
[Round "10"]
[TimeControl "180+1"]
[Date "2021.08.17"]
[WhiteClock "0:00:02"]
[BlackClock "0:00:06"]

1. e4 e5 2. Nf3 Nc6 3. Bb5 a6 4. Ba4 Nf6 5. d3 Bc5 6. O-O d6 7. Bd2 O-O 8. h3 Ba7 9. c4 Ne7 10. Nc3 Ng6 11. Be3 Be6 12. Nd5 Bxe3 13. fxe3 c6 14. Nxf6+ Qxf6 15. Qd2 Qe7 16. Rac1 b5 17. Bb3 c5 18. Rf2 h6 19. Qe2 Rfb8 20. Nd2 a5 21. cxb5 Bxb3 22. axb3 Rxb5 23. Ra1 Rab8 24. Nc4 Qc7 25. Qd2 Ra8 26. Ra3 Ne7 27. Qd1 Nc6 28. Rf1 Rab8 29. Qc2 Qe7 30. Rfa1 Qe6 31. Qc3 d5 32. exd5 Qxd5 33. Nd2 Nb4 34. Rxa5 Rxa5 35. Rxa5 Nxd3 36. e4 Qd4+ 37. Kh2 Rd8 38. Nf3 Qxe4 39. Ra4 Qe3 40. Rg4 h5 41. Rg5 Qf4+ 42. Kg1 f6 43. Rxh5 Kf7 44. Rh4 Qe3+ 45. Kh2 Qe2 46. Qc4+ Ke7 47. Rg4 g5 48. Re4 Qf2 49. Qb5 Nf4 0-1


[Site "https://www.chess.com"]

[Event "Titled Tuesday Blitz August 17 2021"]
[White "Nakamura, Hikaru"]
[Black "Esipenko, Andrey"]
[WhiteFideId "2016192"]
[BlackFideId "24175439"]
[WhiteElo "2900"]
[BlackElo "2595"]
[Result "1-0"]
[Round "10"]
[TimeControl "180+1"]
[Date "2021.08.17"]
[WhiteClock "0:00:17"]
[BlackClock "0:00:04"]

1. e4 e5 2. Nf3 Nc6 3. Bb5 Nf6 4. d3 d6 5. c3 g6 6. Nbd2 Bg7 7. O-O a6 8. Ba4 O-O 9. Re1 Re8 10. Nf1 h6 11. Ng3 d5 12. h3 b5 13. Bb3 Bb7 14. Qe2 dxe4 15. dxe4 Na5 16. Bc2 Qe7 17. b4 Nc4 18. Nd2 Nxd2 19. Bxd2 c5 20. a4 c4 21. Be3 Qe6 22. f3 h5 23. Nf1 Red8 24. Red1 Bc6 25. axb5 axb5 26. Rxd8+ Rxd8 27. Bf2 Bh6 28. Qe1 Bg5 29. h4 Bh6 30. Ra6 Ra8 31. Rxa8+ Bxa8 32. Qa1 Bc6 33. Qa7 Kg7 34. Qc7 Ne8 35. Qb8 Qd6 36. Qb6 Bc1 37. Be3 Bxe3+ 38. Qxe3 Nc7 39. Qb6 Ne6 40. g3 Qc7 41. Qa5 Qxa5 42. bxa5 Bb7 43. Ne3 Nd8 44. Nd5 Nc6 45. Nc7 Nxa5 46. Nxb5 Kf6 47. Bd1 Ke6 48. Be2 Kd7 49. Na3 Ba6 50. g4 Ke6 51. gxh5 gxh5 52. Kf2 f5 53. exf5+ Kxf5 54. Ke3 Kf6 55. f4 exf4+ 56. Kxf4 Kg6 57. Ke5 Kh6 58. Kd6 Kg6 59. Ke5 Kg7 60. Bxh5 Nb3 61. Bd1 Nd2 62. Be2 Kh6 63. Kd4 Nb3+ 64. Ke3 Na5 65. Kf4 Kg6 66. Bd1 Bc8 67. Ke5 Kh6 68. Nb5 Bd7 69. Nd6 Bh3 70. Be2 Nc6+ 71. Kf4 Ne7 72. Bxc4 Kh5 73. Kg3 Bd7 74. Bd3 Nd5 75. c4 Ne3 76. c5 Nd5 77. Be4 Ne7 78. Bf3+ Kh6 79. Kf4 Ng6+ 80. Kg3 Ne5 81. Be4 Kh5 82. Bd5 Kh6 83. Nc4 Nxc4 84. Bxc4 Bc6 85. Be2 Kg7 86. Bf3 Bb5 87. Kf4 Ba4 88. Ke5 Kh6 89. Kd6 Bb5 90. Bc6 Bf1 91. Ba4 Bg2 92. Bb3 Bh1 93. Bd5 1-0


[Site "https://www.chess.com"]

[Event "Titled Tuesday Blitz August 17 2021"]
[White "Nazaretyan, Tigran"]
[Black "Tari, Aryan"]
[WhiteFideId "24162345"]
[BlackFideId "1510045"]
[WhiteElo "2167"]
[BlackElo "2656"]
[Result "1-0"]
[Round "10"]
[TimeControl "180+1"]
[Date "2021.08.17"]
[WhiteClock "0:00:39"]
[BlackClock "0:00:02"]

1. d4 Nf6 2. c4 g6 3. Nc3 d5 4. Nf3 Bg7 5. Bg5 Ne4 6. Bh4 Nxc3 7. bxc3 dxc4 8. Qa4+ Qd7 9. Qxc4 b6 10. e3 Ba6 11. Qb3 Bxf1 12. Kxf1 O-O 13. Ke2 c5 14. Rhd1 cxd4 15. cxd4 Nc6 16. a4 Rfc8 17. Kf1 e6 18. Rac1 Qd5 19. Qb5 Na5 20. Be7 Nb3 21. Rb1 Rc3 22. Qxd5 exd5 23. Bb4 Rac8 24. Bxc3 Rxc3 25. Nd2 Na5 26. Rdc1 Ra3 27. Rc8+ Bf8 28. Rb5 Kg7 29. Rxd5 Bb4 30. Ne4 Rxa4 31. g4 Nb3 32. Rd7 Ra1+ 33. Kg2 Nd2 34. Nxd2 Bxd2 35. Rcc7 Kf6 36. Rxf7+ Ke6 37. Rce7+ Kd6 38. Rxa7 Rxa7 39. Rxa7 b5 40. Rxh7 b4 41. Rb7 Kc6 42. Rb8 Kc7 43. Rb5 Kc6 44. Rc5+ Kb6 45. Rc2 Bc3 46. Kf3 Kb5 47. Ke2 Kc4 48. h4 b3 49. Rc1 b2 50. Rd1 Kb3 51. Kd3 Bb4 52. h5 gxh5 53. gxh5 Bd2 54. Kxd2 1-0


[Site "https://www.chess.com"]

[Event "Titled Tuesday Blitz August 17 2021"]
[White "Nguyen, Thi Minh Oanh"]
[Black "Federzoni, Enzo"]
[WhiteFideId "12404080"]
[BlackFideId "2173301"]
[WhiteElo "1825"]
[BlackElo "1956"]
[Result "1-0"]
[Round "10"]
[TimeControl "180+1"]
[Date "2021.08.18"]
[WhiteClock "0:00:10"]
[BlackClock "0:00:02"]

1. d4 Nf6 2. Bg5 Ne4 3. Bf4 d5 4. e3 g5 5. Be5 f6 6. Qh5+ Kd7 7. Bg3 Nxg3 8. hxg3 c6 9. c4 Kc7 10. cxd5 Qxd5 11. Nc3 Qa5 12. Qf7 b5 13. Rxh7 Rxh7 14. Qxh7 b4 15. Nd1 Ba6 16. Bxa6 Nxa6 17. Ne2 b3+ 18. Ndc3 Nb4 19. Kd2 bxa2 20. Qf7 Rb8 21. Kd1 Kb7 22. Nxa2 Ka8 23. Nec3 Nd3 24. b3 Nxf2+ 25. Ke2 Ng4 26. Qe6 Qa6+ 27. Kd2 Nf2 28. Qf5 Rxb3 29. Rb1 Rxb1 30. Qxb1 e6 31. Qg6 Qb6 32. Qe8+ Kb7 33. Qd7+ Qc7 34. Qxe6 Bd6 35. Qxf6 Bxg3 36. Qf5 Qc8 37. Qf7+ Qc7 38. Qf5 g4 39. Nb4 Bd6 40. Nd3 Nxd3 41. Kxd3 a5 42. Qxg4 Qb6 43. Qd1 Qb4 44. Qb1 Qxb1+ 45. Nxb1 Bb4 46. Nc3 Kb6 47. g4 Be7 48. Kc4 Bg5 49. e4 1-0


[Site "https://www.chess.com"]

[Event "Titled Tuesday Blitz August 17 2021"]
[White "Nurmanova, Alua"]
[Black "Filippova, Margarita"]
[WhiteFideId "13729390"]
[BlackFideId "34199680"]
[WhiteElo "1869"]
[BlackElo "1829"]
[Result "1/2-1/2"]
[Round "10"]
[TimeControl "180+1"]
[Date "2021.08.18"]
[WhiteClock "0:00:05"]
[BlackClock "0:00:14"]

1. e4 e5 2. Nf3 Nc6 3. Bb5 g6 4. c3 a6 5. Ba4 d6 6. d4 Bd7 7. O-O Bg7 8. Bg5 f6 9. Be3 Nh6 10. dxe5 dxe5 11. Bc5 Nf7 12. Bb3 Bg4 13. Qe2 Nd6 14. Nbd2 Qe7 15. Nc4 Be6 16. Rad1 Rd8 17. Rd2 Bh6 18. Rd3 b5 19. Ne3 Bxe3 20. fxe3 O-O 21. Rfd1 Na5 22. Bd5 Bxd5 23. Rxd5 Nab7 24. Bxd6 Rxd6 25. Rxd6 Nxd6 26. Qd3 Rd8 27. Kf1 c6 28. Qc2 Kg7 29. b3 c5 30. c4 bxc4 31. bxc4 Nxc4 32. Re1 Nb6 33. Rc1 c4 34. Nd2 Qc5 35. Nxc4 Nxc4 36. Qxc4 Qxe3 37. Qc7+ Kh6 38. Qxd8 Qxc1+ 39. Ke2 Qc2+ 40. Kf3 Qc3+ 41. Kg4 Qb4 42. Qd5 Qd4 43. Qxd4 exd4 44. Kf3 Kg5 45. g3 d3 46. Ke3 Kg4 47. Kxd3 Kh3 48. Kc4 Kxh2 49. Kd5 Kxg3 50. Ke6 h5 51. Kxf6 h4 52. e5 h3 53. e6 h2 54. e7 h1=Q 55. e8=Q Qf3+ 56. Kxg6 Qg4+ 57. Kf6 Qf4+ 58. Kg6 Qg4+ 59. Kf6 Qh4+ 60. Kf5 Qf4+ 61. Kg6 Qg4+ 1/2-1/2


[Site "https://www.chess.com"]

[Event "Titled Tuesday Blitz August 17 2021"]
[White "Obregon, Andres Carlos"]
[Black "Sonis, Francesco"]
[WhiteFideId "111724"]
[BlackFideId "895733"]
[WhiteElo "2572"]
[BlackElo "2373"]
[Result "0-1"]
[Round "10"]
[TimeControl "180+1"]
[Date "2021.08.17"]
[WhiteClock "0:00:15"]
[BlackClock "0:00:25"]

1. d4 Nf6 2. Bg5 d5 3. Nd2 Bf5 4. e3 c6 5. c4 e6 6. Qb3 Qb6 7. c5 Qc7 8. Bxf6 gxf6 9. Qc3 b6 10. b4 a5 11. a3 Qa7 12. Rc1 axb4 13. axb4 Be7 14. Ne2 Na6 15. Ng3 Bg6 16. b5 Nb8 17. bxc6 bxc5 18. Bb5 O-O 19. dxc5 Rc8 20. h4 h6 21. h5 Bh7 22. e4 d4 23. Qxd4 Nxc6 24. Qe3 Bf8 25. O-O Ne5 26. Nb3 Rab8 27. Be2 Qa4 28. Rc3 Rb4 29. Rfc1 Bxe4 30. Nxe4 Rxe4 31. Qg3+ Kh8 32. R3c2 Be7 33. c6 Rxc6 34. Rxc6 Nxc6 35. Bf3 Rc4 36. Ra1 Qxb3 37. Ra8+ Nd8 38. Rb8 Qc2 39. Kh2 Qd2 0-1


[Site "https://www.chess.com"]

[Event "Titled Tuesday Blitz August 17 2021"]
[White "Papasimakopoulos, Alexandros"]
[Black "Fier, Alexandr"]
[WhiteFideId "4244125"]
[BlackFideId "2107139"]
[WhiteElo "2352"]
[BlackElo "2569"]
[Result "0-1"]
[Round "10"]
[TimeControl "180+1"]
[Date "2021.08.17"]
[WhiteClock "0:00:07"]
[BlackClock "0:01:35"]

1. d4 Nf6 2. c4 c5 3. d5 e6 4. Nc3 exd5 5. cxd5 d6 6. Nf3 g6 7. Bf4 Bg7 8. Qa4+ Bd7 9. Qb3 Qc7 10. e4 O-O 11. Be2 Bg4 12. O-O Bxf3 13. Bxf3 a6 14. e5 dxe5 15. d6 Qxd6 16. Rfd1 Qc7 17. Bg5 Nbd7 18. Qxb7 Ra7 19. Qxc7 Rxc7 20. Rd6 Rb8 21. Rad1 Rxb2 22. Nd5 Nxd5 23. Bxd5 Nf8 24. Bc4 a5 25. Rc1 Rb4 26. Bd2 Rb2 27. Bxa5 Rd7 28. Rb6 e4 29. Rxb2 Bxb2 30. Rb1 Bd4 31. a4 Ra7 32. Rb5 Kg7 33. Bb3 Nd7 34. Kf1 Ne5 35. Bd2 Nd3 36. a5 Nxf2 37. Bd5 e3 38. Be1 Nd3 39. Bb7 c4 40. a6 c3 41. Bxc3 Bxc3 42. Rb3 Nc5 43. Rxc3 Nxb7 44. axb7 Rxb7 45. Rxe3 Rb2 46. h3 h5 47. Kg1 g5 48. Rd3 Kg6 49. Kh2 f6 50. Ra3 Re2 51. Ra4 Kf5 52. Ra5+ Kf4 53. Ra4+ Re4 54. Ra3 Rd4 55. Rf3+ Ke5 56. Re3+ Re4 57. Ra3 f5 58. Ra5+ Kf6 59. Ra6+ Re6 60. Ra2 g4 61. hxg4 hxg4 62. g3 Ke5 63. Kg2 Rd6 64. Re2+ Kf6 65. Ra2 Rd4 66. Rf2 Ke5 67. Re2+ Kd5 68. Ra2 Ke4 69. Re2+ Kd5 70. Rf2 Ke6 71. Re2+ Re4 72. Ra2 Re3 73. Ra6+ Ke5 74. Ra5+ Ke4 75. Ra2 Rc3 76. Rf2 Rc5 77. Ra2 Kd3 78. Ra3+ Rc3 79. Ra5 Rc2+ 80. Kg1 Ke4 81. Ra3 Rd2 82. Kf1 Rd3 83. Ra4+ Kf3 84. Rf4+ Kxg3 85. Rxf5 Rd1+ 86. Ke2 Rg1 87. Rf8 Kg2 88. Ra8 g3 89. Ra2 Rb1 90. Ke3+ Kh3 91. Kf3 Rf1+ 92. Ke2 Rf2+ 0-1


[Site "https://www.chess.com"]

[Event "Titled Tuesday Blitz August 17 2021"]
[White "Paravyan, David"]
[Black "Quparadze, Giga"]
[WhiteFideId "4194985"]
[BlackFideId "13602250"]
[WhiteElo "2562"]
[BlackElo "2658"]
[Result "1-0"]
[Round "10"]
[TimeControl "180+1"]
[Date "2021.08.17"]
[WhiteClock "0:00:12"]
[BlackClock "0:00:45"]

1. e4 c5 2. Nf3 a6 3. c3 d5 4. exd5 Qxd5 5. d4 e6 6. Be2 Nf6 7. O-O Nc6 8. Be3 cxd4 9. Nxd4 Nxd4 10. Bxd4 Be7 11. Bf3 Qd7 12. Nd2 O-O 13. Nc4 Qc7 14. Qe2 Bd7 15. Be5 Qd8 16. Bxb7 Ra7 17. Bf3 Bb5 18. a4 Bxc4 19. Qxc4 Qa5 20. Rfe1 Rd7 21. b4 Qb6 22. a5 Qa7 23. Bd4 Qb8 24. Qxa6 Nd5 25. Bxd5 Rxd5 26. Qd3 Bf6 27. Reb1 Rfd8 28. Qg3 e5 29. Bc5 Qb5 30. Qg4 h5 31. Qe4 Qc6 32. Re1 Qa6 33. c4 Rd2 34. b5 Qc8 35. Be3 R2d4 36. Bxd4 Rxd4 37. Qc6 Qg4 38. h3 Qf4 39. Qf3 Qd2 40. Qe2 Qb4 41. a6 Rd2 42. a7 Rxe2 43. a8=Q+ Kh7 44. Rxe2 e4 45. Qxe4+ g6 46. Rf1 1-0


[Site "https://www.chess.com"]

[Event "Titled Tuesday Blitz August 17 2021"]
[White "Pavlov, Danila"]
[Black "Khabinets, Ivan"]
[WhiteFideId "34126594"]
[BlackFideId "14115980"]
[WhiteElo "2323"]
[BlackElo "2114"]
[Result "1-0"]
[Round "10"]
[TimeControl "180+1"]
[Date "2021.08.17"]
[WhiteClock "0:00:31"]
[BlackClock "0:00:54"]

1. e4 c5 2. Nf3 d6 3. d4 cxd4 4. Nxd4 e5 5. Nb3 Nf6 6. Nc3 h6 7. Bc4 Be7 8. O-O O-O 9. Nd5 Nbd7 10. f3 Nxd5 11. Bxd5 Nf6 12. c4 Be6 13. Be3 Bxd5 14. cxd5 Qd7 15. Qd3 Rfc8 16. Rac1 a6 17. Na5 Bd8 18. Nb3 Qa4 19. a3 Nd7 20. Nd2 b5 21. Qb3 Bb6 22. Kf2 Bxe3+ 23. Kxe3 Qd4+ 24. Ke2 Nc5 25. Qc3 Qxc3 26. Rxc3 Na4 27. Rxc8+ Rxc8 28. b3 Nb6 29. Kd3 Kf8 30. Ra1 a5 31. Ra2 Ke7 32. Rc2 Rxc2 33. Kxc2 Kd7 34. Nb1 Na8 35. Nc3 Nc7 36. Kd3 Kc8 37. a4 b4 38. Nd1 Kb7 39. Nb2 f5 40. Nc4 fxe4+ 41. fxe4 1-0


[Site "https://www.chess.com"]

[Event "Titled Tuesday Blitz August 17 2021"]
[White "Perez Gormaz, Matias"]
[Black "Sychev, Klementy"]
[WhiteFideId "3406342"]
[BlackFideId "4114060"]
[WhiteElo "2352"]
[BlackElo "2615"]
[Result "0-1"]
[Round "10"]
[TimeControl "180+1"]
[Date "2021.08.17"]
[WhiteClock "0:00:03"]
[BlackClock "0:00:55"]

1. e4 d5 2. exd5 Qxd5 3. Nc3 Qa5 4. d4 Nf6 5. Bd2 c6 6. Nf3 Bf5 7. Ne5 Nbd7 8. f4 Qb6 9. Bc4 e6 10. Nxd7 Nxd7 11. Qe2 Qxd4 12. Be3 Qf6 13. O-O-O Nb6 14. Nb5 Qe7 15. Nd6+ Qxd6 16. Rxd6 Bxd6 17. Bb3 O-O-O 18. a4 Nd5 19. g3 a6 20. Bf2 h5 21. Re1 h4 22. a5 hxg3 23. hxg3 Rh2 24. Qf3 Bb4 25. c3 Bxa5 26. Bc2 Bxc2 27. Kxc2 Nf6 28. Re2 Bc7 29. Bd4 Rh6 30. Be5 Nd5 31. Bxc7 Kxc7 32. Rd2 a5 33. Qf2 Rh1 34. Kb3 Ra1 35. Qf3 a4+ 36. Kc2 a3 0-1


[Site "https://www.chess.com"]

[Event "Titled Tuesday Blitz August 17 2021"]
[White "Petrovskyi, Vadym"]
[Black "Dahanayake, Isara Banidu"]
[WhiteFideId "14165210"]
[BlackFideId "9932631"]
[WhiteElo "2334"]
[BlackElo "1394"]
[Result "1/2-1/2"]
[Round "10"]
[TimeControl "180+1"]
[Date "2021.08.17"]
[WhiteClock "0:00:33"]
[BlackClock "0:00:14"]

1. e4 c5 2. Nf3 d6 3. d4 cxd4 4. Nxd4 Nf6 5. Nc3 a6 6. Bg5 e6 7. f4 Be7 8. Qf3 Qc7 9. O-O-O O-O 10. g4 b5 11. Bg2 Bb7 12. a3 Nbd7 13. Bxf6 Bxf6 14. g5 Bxd4 15. Rxd4 Nb6 16. Rhd1 Nc4 17. f5 exf5 18. Qxf5 Ne3 19. Qf2 Nxd1 20. Rxd1 Qe7 21. Qg3 Rac8 22. Rxd6 Rfd8 23. Rxd8+ Rxd8 24. h4 Qd7 25. Kb1 Qd4 26. h5 Qg1+ 27. Ka2 Qd4 28. g6 fxg6 29. hxg6 hxg6 30. Qxg6 Qc4+ 31. Kb1 Qf7 32. Qb6 Rd2 33. Bh3 Kh8 34. Bf5 Rh2 35. b3 Rh1+ 36. Kb2 g6 37. Qxg6 Qxg6 38. Bxg6 Kg7 39. Bf5 Kf6 40. a4 b4 41. Na2 a5 42. c3 bxc3+ 43. Kxc3 Ke5 44. b4 axb4+ 45. Kxb4 Bxe4 46. Bxe4 Kxe4 47. Nc3+ Ke5 48. a5 Rh4+ 49. Kb5 Rh3 50. Na4 Rh7 51. Kb6 Kd6 52. a6 Rg7 53. Nc3 Rg8 54. Ne4+ Ke5 55. Nc5 Kd6 56. Nb7+ Kd7 57. Ka7 Rc8 58. Kb6 Rc6+ 59. Kb5 Kc7 60. Nc5 Rb6+ 61. Kc4 Rc6 62. Kb5 Rb6+ 63. Kc4 Rc6 64. a7 Rxc5+ 65. Kxc5 Kb7 66. a8=Q+ Kxa8 1/2-1/2


[Site "https://www.chess.com"]

[Event "Titled Tuesday Blitz August 17 2021"]
[White "Pires, Marcos Vinicius Torsani"]
[Black "Grafil, Franz Robert"]
[WhiteFideId "2118939"]
[BlackFideId "5205298"]
[WhiteElo "2273"]
[BlackElo "2211"]
[Result "0-1"]
[Round "10"]
[TimeControl "180+1"]
[Date "2021.08.18"]
[WhiteClock "0:00:29"]
[BlackClock "0:00:13"]

1. e4 c5 2. c3 Qa5 3. Nf3 Nc6 4. Bd3 e5 5. O-O Nf6 6. Bc2 d6 7. Re1 Be7 8. h3 O-O 9. d4 cxd4 10. cxd4 Bd7 11. Nc3 Rac8 12. a3 Rfd8 13. Bg5 exd4 14. b4 Qc7 15. Bxf6 dxc3 16. Bxc3 Ne5 17. Bxe5 dxe5 18. Bb3 Bxh3 19. Bd5 Bg4 20. Qb3 Bf6 21. Rac1 Qxc1 22. Rxc1 Rxc1+ 23. Kh2 Rc7 24. Nd2 h5 25. Nc4 b6 26. Ne3 g6 27. Nxg4 hxg4 28. Qg3 Kg7 29. Qxg4 Rh8+ 30. Kg3 Rc3+ 31. f3 Bh4+ 32. Kh3 Bf2+ 0-1


[Site "https://www.chess.com"]

[Event "Titled Tuesday Blitz August 17 2021"]
[White "Plotnikov, Pavel"]
[Black "FGHSMN"]
[WhiteFideId "4170342"]
[WhiteElo "2298"]
[BlackElo "2586"]
[Result "0-1"]
[Round "10"]
[TimeControl "180+1"]
[Date "2021.08.17"]
[WhiteClock "0:00:01"]
[BlackClock "0:00:41"]

1. e4 c5 2. Nf3 e6 3. b3 b6 4. d4 cxd4 5. Nxd4 Bb7 6. Bf4 Bxe4 7. Nb5 Na6 8. Bd6 Nf6 9. N1c3 Bc6 10. Bxf8 Kxf8 11. Nd6 Nc5 12. b4 Nce4 13. Ncxe4 Nxe4 14. b5 Bd5 15. c4 Nxd6 16. cxd5 Qf6 17. Be2 Qc3+ 18. Kf1 Ke7 19. g3 Rac8 20. Kg2 Qc2 21. Qe1 Qe4+ 22. Bf3 Qxe1 23. Rhxe1 Nxb5 24. Rad1 Rc5 25. Rd3 Rhc8 26. Red1 Nc3 27. R1d2 Nxd5 28. Bxd5 Rxd5 29. Rxd5 exd5 30. Rxd5 Rc2 31. Re5+ Kd6 32. Rh5 h6 0-1


[Site "https://www.chess.com"]

[Event "Titled Tuesday Blitz August 17 2021"]
[White "Pourkashiyan, Atousa"]
[Black "Lauridsen, Jesper Morch"]
[WhiteFideId "12502014"]
[BlackFideId "1401890"]
[WhiteElo "2285"]
[BlackElo "2319"]
[Result "1-0"]
[Round "10"]
[TimeControl "180+1"]
[Date "2021.08.18"]
[WhiteClock "0:00:17"]
[BlackClock "0:00:05"]

1. e4 e5 2. Nf3 Nf6 3. Nxe5 d6 4. Nf3 Nxe4 5. Nc3 Nxc3 6. dxc3 Be7 7. Be3 O-O 8. Qd2 Nd7 9. Bd3 Nf6 10. O-O-O c5 11. Ng5 Qa5 12. Kb1 h6 13. h4 b5 14. Ne4 Be6 15. a3 c4 16. Nxf6+ Bxf6 17. Be4 d5 18. Bf3 Qa4 19. g4 a5 20. g5 b4 21. cxb4 c3 22. Qd3 cxb2 23. gxf6 axb4 24. Kxb2 bxa3+ 25. Ka1 a2 26. Qb3 Qa6 27. Rd4 Rfb8 28. Rb4 d4 29. Rxb8+ Kh7 30. Rxa8 Bxb3 31. Rxa6 dxe3 32. cxb3 exf2 33. Rf1 1-0


[Site "https://www.chess.com"]

[Event "Titled Tuesday Blitz August 17 2021"]
[White "Rakhmanov, Aleksandr"]
[Black "Grachev, Boris"]
[WhiteFideId "4173708"]
[BlackFideId "4129199"]
[WhiteElo "2498"]
[BlackElo "2580"]
[Result "1/2-1/2"]
[Round "10"]
[TimeControl "180+1"]
[Date "2021.08.17"]
[WhiteClock "0:00:09"]
[BlackClock "0:00:05"]

1. c4 e6 2. e4 c5 3. Nf3 Nc6 4. d4 cxd4 5. Nxd4 Nf6 6. Nxc6 bxc6 7. Nc3 e5 8. Be2 Bc5 9. O-O O-O 10. Be3 Bxe3 11. fxe3 d6 12. Qd2 Qc7 13. Rad1 Ne8 14. h3 Be6 15. b3 a6 16. Bg4 Bxg4 17. hxg4 h6 18. Rf5 Qe7 19. Ne2 g6 20. Rf3 Rd8 21. Rh3 Nf6 22. Rxh6 Nxe4 23. Qe1 Qg5 24. Rh3 Kg7 25. Ng3 Qxg4 26. Nxe4 Qxe4 27. Qf2 Rh8 28. Rf3 f5 29. Qd2 Qh4 30. Rh3 Qg5 31. Rf3 e4 32. Rff1 Qf6 33. Qa5 Rd7 34. Rd4 Qh4 35. Rfd1 Qg3 36. Qc3 Kf7 37. Rxd6 Qh2+ 38. Kf2 Rxd6 39. Rxd6 Qxd6 40. Qxh8 Qd2+ 41. Kf1 Qd1+ 42. Kf2 Qd2+ 43. Kf1 Qxe3 44. Qh7+ Kf6 45. Qh8+ Kg5 46. Qh7 Qd3+ 47. Kg1 Qe3+ 48. Kh2 Qf4+ 49. g3 Qf2+ 50. Kh3 Qf1+ 51. Kh2 Qe2+ 52. Kg1 Qd1+ 53. Kg2 Qf3+ 54. Kh2 Qh5+ 55. Qxh5+ gxh5 56. b4 f4 57. a4 e3 58. gxf4+ Kxf4 59. Kg2 Ke4 60. Kf1 Kd4 61. b5 axb5 62. axb5 cxb5 63. cxb5 Kc5 64. Ke2 h4 65. Kxe3 h3 66. Kf3 Kxb5 67. Kg3 h2 68. Kxh2 1/2-1/2


[Site "https://www.chess.com"]